 Dungeon Crawl Stone Soup version 0.14-a0-1444-g21dc12d (webtiles) character file.

95 Aargh the Slasher (level 3, -1/31 HPs)
             Began as a Minotaur Gladiator on Dec 11, 2013.
             Slain by a green rat (6 damage)
             ... on Level 2 of the Dungeon on Dec 12, 2013.
             The game lasted 00:11:07 (1097 turns).

Aargh the Slasher (Minotaur Gladiator)              Turns: 1097, Time: 00:11:07

HP  -1/31        AC 11     Str 19      XL: 3   Next: 58%
MP   2/2         EV  4     Int  5      God:
Gold 44          SH  0     Dex 11      Spells:  0 memorised,  2 levels left

rFire  . . .     SeeInvis .     t - +0 halberd
rCold  . . .     Clarity  .     q - +1 plate armour
rNeg   . . .     Conserve .     (no shield)
rPois  .         rCorr    .     l - +0 cap
rElec  .         rRot     .     (no cloak)
SustAb . .       Spirit   .     (no gloves)
rMut   .         Warding  .     (no boots)
Saprov . . .     Stasis   .     (no amulet)
                                (no ring)
                                (no ring)

@: not resistant to hostile enchantments, extremely unstealthy
A: retaliatory headbutt, horns 2
a: no special abilities


You were on level 2 of the Dungeon.
You were hungry.

You visited 1 branch of the dungeon, and saw 2 of its levels.

You collected 44 gold pieces.

Inventory:

Hand weapons
 a - a +0,+0 falchion
 o - a +0,+0 short sword
 t - a +0,+0 halberd (weapon)
 u - a +0,+0 mace
 B - a +0,+0 spear
Missiles
 d - 3 throwing nets
 e - 12 sling bullets
 k - 14 bolts
 r - 20 darts
 s - a throwing net [torn]
 y - 18 arrows of dispersal
 z - 7 tomahawks (quivered)
Armour
 b - a +0 leather armour
 c - a +0 cap
 l - a +0 cap (worn)
 q - a +1 plate armour (worn)
Comestibles
 f - a bread ration
 h - 2 meat rations
 m - a rotting chunk of giant cockroach flesh {@w1}
 v - a choko
 A - 6 chunks of gnoll flesh {@w1}
Scrolls
 n - a scroll of remove curse {unknown}
 w - a scroll of noise {unknown}
 x - a scroll of identify {unknown}
Jewellery
 i - an uncursed ring of positive energy {unknown}
 j - an uncursed ring of positive energy {unknown}
Potions
 g - a potion of degeneration {unknown}
 p - a potion of might {unknown}


   Skills:
 + Level 3.4 Fighting
 + Level 4.1 Long Blades
 + Level 2.4 Throwing
 + Level 3.5 Dodging
 + Level 0.6 Stealth


You had 2 spell levels left.
You didn't know any spells.

Dungeon Overview and Level Annotations

Branches:
Dungeon (2/16)

Altars:


Innate Abilities, Weirdness & Mutations

You reflexively headbutt those who attack you in melee.
You have a pair of horns on your head.


Message History

The green rat bites you but does no damage.
You closely miss the green rat.
The green rat bites you but does no damage.
The green rat barely misses you.
Your plate armour prevents you from hitting the green rat.
The green rat barely misses you. You furiously retaliate!
You headbutt the green rat, but do no damage.
The green rat bites you.
The green rat bites you but does no damage.
The green rat closely misses you. You furiously retaliate!
You headbutt the green rat! You hit the green rat.
The green rat is moderately wounded.
The green rat bites you but does no damage.
The green rat bites you.
You hit the green rat but do no damage.
The green rat is moderately wounded.
The green rat bites you.
The green rat bites you but does no damage.
The green rat bites you.
You barely miss the green rat.
The green rat is moderately wounded.
The green rat bites you.
* * * LOW HITPOINT WARNING * * *
The green rat bites you but does no damage.
You hit the green rat.
The green rat is moderately wounded.
The green rat bites you!
* * * LOW HITPOINT WARNING * * *
The green rat bites you but does no damage.
The green rat bites you.
* * * LOW HITPOINT WARNING * * *
Drink which item? (? for menu, Esc to quit)
Okay, then.
The green rat bites you but does no damage.
Welcome back, Aargh the Minotaur Gladiator.
You closely miss the green rat.
The green rat is severely wounded.
The green rat bites you.
You die...

.§§♣♣.♣..PPP♣.♣.P
#§♣.§.....♣P..P.♣..
.♣.♣..P♣P..♣.P.♣
#.P♣♣♣♣♣♣..♣♣♣♣♣.#
...♣P.♣P......♣#
#.P♣♣.♣..8.P♣.♣P.
#..P..♣.P....P♣.♣#
.♣♣.♣.P8.⌠.8♣...#
♣.♣.♣r@..P♣.♣.#
♣..P♣.r8.♣..♣#
♣.♣♣.♣...P.♣.♣#
..P♣♣.♣.♣P♣♣P.♣
♣♣.P.P♣..♣..♣
#....♣♣.P.....
.P.♣P......♣P..
♣.P♣P♣P.....P♣
♣P♣♣.♣♣.♣♣.♣


You could see 2 green rats.

Vanquished Creatures
  3 gnolls
  A green rat (D:2)
  A giant gecko (D:1)
  4 bats
  2 giant cockroaches
  A hobgoblin (D:1)
  A kobold (D:1)
  2 rats (D:1)
15 creatures vanquished.

Notes
Turn   | Place    | Note
--------------------------------------------------------------
     0 | D:1      | Aargh, the Minotaur Gladiator, began the quest for the Orb.
     0 | D:1      | Reached XP level 1. HP: 18/18 MP: 1/1
   247 | D:1      | Reached XP level 2. HP: 22/25 MP: 1/1
   269 | D:1      | Reached skill level 3 in Fighting
   933 | D:2      | Reached XP level 3. HP: 31/31 MP: 2/2
   970 | D:2      | Upgraded the game from 0.14-a0-1413-g94b8a5e to 0.14-a0-1444-g21dc12d
   983 | D:2      | Reached skill level 4 in Long Blades
  1097 | D:2      | Slain by a green rat

Action                   || total
-------------------------++-------
Melee: Falchion          ||    29
       Halberd           ||    22
Throw: Dart              ||     3
       Throwing net      ||     2

Table legend:
 A = Turns spent in this place as a percentage of turns spent in the entire game.
 B = Non-inter-level travel turns spent in this place as a percentage of non-inter-level travel turns spent in the entire game.
 C = Inter-level travel turns spent in this place as a percentage of turns spent in this place.
 D = Turns resting spent in this place as a percentage of non-inter-level travel turns spent in this place.
 E = Turns spent auto-exploring this place as a percentage of non-inter-level travel turns spent in this place.
 F = Non-inter-level travel turns spent in this place divided by the number of levels of this place that you've seen.
                   A       B       C       D       E      F
               +-------+-------+-------+-------+-------+----------------------
         Total | 100.0 | 100.0 |   0.0 |   2.0 |   1.1 | 275.0
       Dungeon | 100.0 | 100.0 |   0.0 |   2.0 |   1.1 | 275.0
               +-------+-------+-------+-------+-------+----------------------

Table legend:
 A = Kills in this place as a percentage of kills in entire the game.
 B = Kills by you in this place as a percentage of kills by you in the entire game.
 C = Kills by friends in this place as a percentage of kills by friends in the entire game.
 D = Other kills in this place as a percentage of other kills in the entire game.
 E = Experience gained in this place as a percentage of experience gained in the entire game.
 F = Experience gained in this place divided by the number of levels of this place that you have seen.
                   A       B       C       D       E      F
               +-------+-------+-------+-------+-------+----------------------
         Total | 100.0 | 100.0 |  -nan |  -nan | 100.0 |  37.0
       Dungeon | 100.0 | 100.0 |  -nan |  -nan | 100.0 |  37.0
               +-------+-------+-------+-------+-------+----------------------

Vault maps used:
D:1:      ncdulo_halloftheorcs
D:2:      wad_woods_tower

Action                   || total
-------------------------++-------
Melee: Falchion          ||    29
       Halberd           ||    22
Throw: Dart              ||     3
       Throwing net      ||     2
Dungeon Crawl Stone Soup version 0.14-a0-1444-g21dc12d (webtiles) character file. 95 Aargh the Slasher (level 3, -1/31 HPs) Began as a Minotaur Gladiator on Dec 11, 2013. Slain by a green rat (6 damage) ... on Level 2 of the Dungeon on Dec 12, 2013. The game lasted 00:11:07 (1097 turns). Aargh the Slasher (Minotaur Gladiator) Turns: 1097, Time: 00:11:07 HP -1/31 AC 11 Str 19 XL: 3 Next: 58% MP 2/2 EV 4 Int 5 God: Gold 44 SH 0 Dex 11 Spells: 0 memorised, 2 levels left rFire . . . SeeInvis . t - +0 halberd rCold . . . Clarity . q - +1 plate armour rNeg . . . Conserve . (no shield) rPois . rCorr . l - +0 cap rElec . rRot . (no cloak) SustAb . . Spirit . (no gloves) rMut . Warding . (no boots) Saprov . . . Stasis . (no amulet) (no ring) (no ring) @: not resistant to hostile enchantments, extremely unstealthy A: retaliatory headbutt, horns 2 a: no special abilities You were on level 2 of the Dungeon. You were hungry. You visited 1 branch of the dungeon, and saw 2 of its levels. You collected 44 gold pieces. Dungeon Overview and Level Annotations Branches: Dungeon (2/16) Altars: Innate Abilities, Weirdness & Mutations You reflexively headbutt those who attack you in melee. You have a pair of horns on your head. Skills: + Level 3.4 Fighting + Level 4.1 Long Blades + Level 2.4 Throwing + Level 3.5 Dodging + Level 0.6 Stealth You had 2 spell levels left. You didn't know any spells. Inventory: Hand weapons a - a +0,+0 falchion o - a +0,+0 short sword t - a +0,+0 halberd (weapon) u - a +0,+0 mace B - a +0,+0 spear Missiles d - 3 throwing nets e - 12 sling bullets k - 14 bolts r - 20 darts s - a throwing net [torn] y - 18 arrows of dispersal z - 7 tomahawks (quivered) Armour b - a +0 leather armour c - a +0 cap l - a +0 cap (worn) q - a +1 plate armour (worn) Comestibles f - a bread ration h - 2 meat rations m - a rotting chunk of giant cockroach flesh {@w1} v - a choko A - 6 chunks of gnoll flesh {@w1} Scrolls n - a scroll of remove curse {unknown} w - a scroll of noise {unknown} x - a scroll of identify {unknown} Jewellery i - an uncursed ring of positive energy {unknown} j - an uncursed ring of positive energy {unknown} Potions g - a potion of degeneration {unknown} p - a potion of might {unknown} Message History The green rat bites you but does no damage. You closely miss the green rat. The green rat bites you but does no damage. The green rat barely misses you. Your plate armour prevents you from hitting the green rat. The green rat barely misses you. You furiously retaliate! You headbutt the green rat, but do no damage. The green rat bites you. The green rat bites you but does no damage. The green rat closely misses you. You furiously retaliate! You headbutt the green rat! You hit the green rat. The green rat is moderately wounded. The green rat bites you but does no damage. The green rat bites you. You hit the green rat but do no damage. The green rat is moderately wounded. The green rat bites you. The green rat bites you but does no damage. The green rat bites you. You barely miss the green rat. The green rat is moderately wounded. The green rat bites you. * * * LOW HITPOINT WARNING * * * The green rat bites you but does no damage. You hit the green rat. The green rat is moderately wounded. The green rat bites you! * * * LOW HITPOINT WARNING * * * The green rat bites you but does no damage. The green rat bites you. * * * LOW HITPOINT WARNING * * * Drink which item? (? for menu, Esc to quit) Okay, then. The green rat bites you but does no damage. Welcome back, Aargh the Minotaur Gladiator. You closely miss the green rat. The green rat is severely wounded. The green rat bites you. You die... .§§♣♣.♣..PPP♣.♣.P #§♣.§.....♣P..P.♣.. .♣.♣..P♣P..♣.P.♣ #.P♣♣♣♣♣♣..♣♣♣♣♣.# ...♣P.♣P......♣# #.P♣♣.♣..8.P♣.♣P. #..P..♣.P....P♣.♣# .♣♣.♣.P8.⌠.8♣...# ♣.♣.♣r@..P♣.♣.# ♣..P♣.r8.♣..♣# ♣.♣♣.♣...P.♣.♣# ..P♣♣.♣.♣P♣♣P.♣ ♣♣.P.P♣..♣..♣ #....♣♣.P..... .P.♣P......♣P.. ♣.P♣P♣P.....P♣ ♣P♣♣.♣♣.♣♣.♣ You could see 2 green rats.

Vanquished Creatures
  3 gnolls
  A green rat (D:2)
  A giant gecko (D:1)
  4 bats
  2 giant cockroaches
  A hobgoblin (D:1)
  A kobold (D:1)
  2 rats (D:1)
15 creatures vanquished. Notes Turn | Place | Note -------------------------------------------------------------- 0 | D:1 | Aargh, the Minotaur Gladiator, began the quest for the Orb. 0 | D:1 | Reached XP level 1. HP: 18/18 MP: 1/1 247 | D:1 | Reached XP level 2. HP: 22/25 MP: 1/1 269 | D:1 | Reached skill level 3 in Fighting 933 | D:2 | Reached XP level 3. HP: 31/31 MP: 2/2 970 | D:2 | Upgraded the game from 0.14-a0-1413-g94b8a5e to 0.14-a0-1444-g21dc12d 983 | D:2 | Reached skill level 4 in Long Blades 1097 | D:2 | Slain by a green rat
